 Dungeon Crawl Stone Soup version 0.31-a0-202-g547052bce9 (webtiles) character file.

Game seed: 9624367108314946840

209 qw the Skirmisher (level 5, -1/29 HPs)
             Began as a Deep Elf Hunter on June 26, 2023.
             Slain by a river rat (6 damage)
             ... in a sewer.
             The game lasted 00:00:55 (2019 turns).

qw the Skirmisher (Deep Elf Hunter)                 Turns: 2019, Time: 00:00:55

Health: -1/29      AC:  3    Str: 10    XL:     5   Next: 55%
Magic:  7/7        EV: 12    Int: 14    God:
Gold:   176        SH:  0    Dex: 18    Spells: 4/4 levels left

rFire   . . .        Y - +0 shortbow
rCold   . . .        (shield currently unavailable)
rNeg    . . .        c - +0 leather armour
rPois   +            (no helmet)
rElec   .            (no cloak)
rCorr   +            (no gloves)
SInv    .            (no boots)
Will    .....        (no amulet)
Stlth   ++           e - ring of resist corrosion
HPRegen 0.24/turn    g - ring of poison resistance
MPRegen 0.10/turn

%: no passive effects
@: about to teleport
A: no striking features
a: no special abilities


You were in a sewer.
You visited 1 branch of the dungeon, and saw 3 of its levels.
You also visited: Sewer.

You collected 176 gold pieces.


   Skills:
 - Level 1.5 Fighting
 - Level 9.1 Ranged Weapons
 + Level 2.5 Dodging
 - Level 1.2 Stealth


You had 4 spell levels left.
You didn't know any spells.
Your spell library was empty.

Inventory:

Hand Weapons
 Y - a +0 shortbow (weapon)
Armour
 c - a +0 leather armour (worn)
Jewellery
 e - a ring of resist corrosion (left hand)
 g - a ring of poison resistance (right hand)
Scrolls
 a - 2 scrolls of teleportation
 h - a scroll of enchant armour
Potions
 b - a potion of heal wounds {unknown}
 d - a potion of brilliance {unknown}
 f - a potion of might {unknown}
 i - a potion of cancellation {unknown}

Dungeon Overview and Level Annotations

Branches:
Dungeon (3/15)              Sewer (1/1)

Altars:
Uskayaw


Message History

The river rat is severely wounded.
You shoot an arrow. The arrow barely misses the river rat.
You shoot an arrow. The arrow hits the river rat.
The river rat is almost dead.
The river rat bites you!
You shoot an arrow. The arrow closely misses the river rat.
The river rat bites you but does no damage.
You shoot an arrow.
The arrow hits the river rat but does no damage.
The river rat is almost dead.
The river rat closely misses you.
You shoot an arrow. The arrow barely misses the river rat.
The river rat barely misses you.
You shoot an arrow. The arrow closely misses the river rat.
The river rat bites you but does no damage.
You shoot an arrow.
The arrow hits the river rat but does no damage.
The river rat is severely wounded.
The river rat bites you.
You shoot an arrow.
The arrow hits the river rat but does no damage.
The river rat is severely wounded.
The river rat bites you.
You shoot an arrow. The arrow barely misses the river rat.
The river rat bites you.
You shoot an arrow.
The arrow hits the river rat but does no damage.
The river rat is severely wounded.
The river rat closely misses you.
You shoot an arrow. The arrow barely misses the river rat.
The river rat bites you.
2018 ||| READING 3 scrolls of teleportation.
As you read the scroll of teleportation, it crumbles to dust.
You feel strangely unstable. The river rat barely misses you.
You shoot an arrow.
The arrow hits the river rat but does no damage.
The river rat is severely wounded.
The river rat bites you.
You die...

.~~...~.~.~## #####.~)~.#
...~.....~## #######
........~.# \.\.~.~.~~#
.....~~~~~# ~~...~..~.##
### ~~~~~~~.~~.##
#####~~~~.
~..~~~##~~~~####~r~~~#
.~~~~####.~~.~.~@###~~~~?
.~.~.# #..~~.~~~# #######
~~.~.~ ##..~..~~###~~~~.#
~. #######~~~%~#####
#####~)~~.# #######


You could see a river rat.

Vanquished Creatures
  A kobold brigand (Sewer)
  2 adders (D:2)
  4 river rats (D:3)
  3 worms
  2 dart slugs (D:2)
  An orc (D:3)
  6 endoplasms
  2 giant cockroaches (D:2)
  3 goblins (D:1)
  10 hobgoblins
  3 jackals (D:2)
  A quokka (D:2)
  5 ball pythons
  6 bats
  9 frilled lizards
  7 kobolds
  13 rats
78 creatures vanquished.

Notes
Turn   | Place    | Note
-------+----------+-------------------------------------------
     0 | D:1      | qw the Deep Elf Hunter began the quest for the Orb.
     0 | D:1      | Reached XP level 1. HP: 12/12 MP: 3/3
     0 | D:1      | 0 ||| qw: Version: 0.3-a-22-g0ed2b0b
     0 | D:1      | 0 ||| qw: Game counter: 5984
     0 | D:1      | 0 ||| qw: Melee chars always use a shield: true
     0 | D:1      | 0 ||| qw: God list: Okawaru
     0 | D:1      | 0 ||| qw: Allow faded altars: false
     0 | D:1      | 0 ||| qw: Do Orc after clearing Dungeon:15 true
     0 | D:1      | 0 ||| qw: Do second Lair branch before Depths: true
     0 | D:1      | 0 ||| qw: Lair rune preference: random
     0 | D:1      | 0 ||| qw: Goals: Normal
     0 | D:1      | 0 ||| PLANNING D:1-11
    87 | D:1      | Reached XP level 2. HP: 16/16 MP: 4/4
   149 | D:1      | Reached skill level 6 in Ranged Weapons
   241 | D:1      | Found a faded altar of an unknown god.
   706 | D:1      | Reached XP level 3. HP: 20/20 MP: 5/5
   827 | D:1      | 827 ||| UPGRADING to ring of resist corrosion.
   828 | D:1      | 828 ||| UPGRADING to ring of poison resistance.
   829 | D:1      | 829 ||| READING 2 scrolls labelled JITORI UTSOFF.
   832 | D:1      | 832 ||| READING scroll labelled ZONOXU NIDUTA.
   833 | D:1      | 833 ||| READING 2 scrolls labelled FIGIHUDGHUT.
   834 | D:1      | 834 ||| READING scroll labelled KYZIMU MOXA.
   835 | D:1      | 835 ||| DROPPING scroll of butterflies.
   958 | D:2      | Reached skill level 7 in Ranged Weapons
  1005 | D:2      | Found a hide-covered altar of Uskayaw.
  1217 | D:2      | Reached XP level 4. HP: 25/25 MP: 6/6
  1586 | D:2      | 1586 ||| READING scroll labelled TUWUVIUNEM.
  1599 | D:3      | 1599 ||| PLANNING SEWER
  1825 | D:3      | Reached skill level 8 in Ranged Weapons
  1880 | D:3      | Found a glowing drain.
  1881 | D:3      | 1881 ||| Stepping ~*~*~tactically~*~*~ (water).
  1891 | Sewer    | Entered a sewer
  1911 | Sewer    | Noticed a kobold brigand
  1923 | Sewer    | Killed a kobold brigand
  1924 | Sewer    | Reached skill level 9 in Ranged Weapons
  1924 | Sewer    | Reached XP level 5. HP: 29/29 MP: 7/7
  2000 | Sewer    | 2000 ||| Stepping ~*~*~tactically~*~*~ (water).
  2002 | Sewer    | 2002 ||| Stepping ~*~*~tactically~*~*~ (water).
  2017 | Sewer    | HP: 4/29 [river rat (6)]
  2018 | Sewer    | 2018 ||| READING 3 scrolls of teleportation.
  2019 | Sewer    | Slain by a river rat

Levels and vault maps discovered:
D:1:      mrwooster_arrival_arrow, layout_basic, ebering_ecumenical_altar_webs
D:2:      layout_basic, basic_altar
D:3:      layout_basic, portal_sewer_entry_e, kennysheep_big_empty_room,
          minmay_divided_ellipse
Sewer:    sewer_co_tree

Skill      XL: |  1  2  3  4 |
---------------+-------------+-----
Ranged Weapons | 6 7 9 |  9.1
Fighting       | |  1.5
Dodging        | |  2.5
Stealth        | |  1.2

Action                     |  1- 3 |  4- 6 || total
---------------------------+-------+-------++-------
   Fire: Shortbow          |   124 |   105 ||   229
    Use: Scroll            |     4 |     2 ||     6
 Armour: Leather armour    |     1 |    12 ||    13
  Dodge: Dodged            |    17 |    17 ||    34

Table legend:
 A = Non-vault XP
 B = Vault XP
 C = Vault XP percentage of total XP
 D = Non-vault monster count
 E = Vault monster count
 F = Vault count percentage of total count
                 A         B        C        D         E       F
            +---------+---------+-------+---------+---------+-------
      Total |     132 |     167 |  55.9 |      65 |      13 |  16.7
            +---------+---------+-------+---------+---------+-------
        D:1 |      44 |       0 |   0.0 |      30 |       0 |   0.0
        D:2 |      77 |       0 |   0.0 |      28 |       0 |   0.0
        D:3 |      11 |      62 |  84.9 |       7 |       8 |  53.3
      Sewer |       0 |     105 | 100.0 |       0 |       5 | 100.0
            +---------+---------+-------+---------+---------+-------
